Bruins vs MapleLeafs

Created - November 3, 2015 at 17:43

Goals
1 2 3 T
Bruins 1 3 0 4
MapleLeafs 0 2 0 2
Shots
1 2 3 T
Bruins 2 12 10 24
MapleLeafs 9 5 12 26

1st period

1. Bruins , Brandon Pirri 4 (Joe Morrow) at 13:06

Penalties :
Patrick Sharp (BOS) for Hooking (Minor) at 14:19

2nd period

2. MapleLeafs , Antoine Roussel 2 (Eric Gelinas, Nick Holden) at 4:40
3. Bruins , Brendan Gallagher 11 (Zach Parise, Dougie Hamilton) at 6:14
4. MapleLeafs , Jay Bouwmeester 2 (Nick Leddy, Brock Nelson) at 7:58 (PP)
5. Bruins , Ryan Spooner 3 (Melker Karlsson, Dougie Hamilton) at 15:39
6. Bruins , Brandon Pirri 5 (Carl Soderberg) at 15:47

Penalties :
Corey Perry (BOS) for Roughing (Minor) at 6:45, Eric Gelinas (TOR) for Holding (Minor) at 8:57, Milan Lucic (TOR) for Roughing (Minor) at 12:39

3rd period

No Goal

Penalties :
Nick Holden (TOR) for Tripping (Minor) at 1:13, Travis Hamonic (TOR) for Hooking (Minor) at 4:54, Joe Morrow (BOS) for Hooking (Minor) at 19:18

Goalie Stats

Carey Price (BOS), 24 saves from 26 shots - (0.923), W, 9-3-0, 60:00 minutes
Kevin Poulin (TOR), 11 saves from 11 shots - (1.000), 24:13 minutes
Petr Mrazek (TOR), 9 saves from 13 shots - (0.692), L, 3-6-0, 35:47 minutes

Players Stats for Bruins

Player Name              G  A  P  +/- PIM S  H  SB GA TA FO     MP     PP MP  PK MP  
------------------------------------------------------------------------------------
Brad Marchand            0  0  0  -1  0   3  3  1  0  0  6/9    20:31   3:14   2:37 
Brandon Pirri            2  0  2   2  0   3  0  1  0  0  0/0    10:44   0:00   0:51 
Brendan Gallagher        1  0  1   0  0   5  1  0  0  0  2/10   21:24   3:14   0:00 
Carl Soderberg           0  1  1   2  0   0  1  0  0  0  4/18   12:20   0:18   1:16 
Corey Perry              0  0  0  -1  2   2  1  0  0  0  0/1    14:39   0:00   0:00 
David Warsofsky          0  0  0   1  0   0  0  1  0  0  0/0    14:11   0:00   0:00 
Dougie Hamilton          0  2  2   2  0   0  1  1  0  0  0/0    20:18   3:07   1:54 
Drew Doughty             0  0  0   0  0   1  3  2  0  0  0/0    25:31   4:49   1:59 
Joe Morrow               0  1  1   1  2   0  0  2  0  0  0/0    14:10   0:00   0:00 
John Carlson             0  0  0   2  0   1  1  3  0  0  0/0    23:18   3:07   1:54 
Melker Karlsson          0  1  1   1  0   0  1  0  0  0  0/0    11:15   0:00   0:00 
Patrice Bergeron         0  0  0   0  0   0  0  0  0  0  2/3     1:30   0:00   0:00 
Patrick Sharp            0  0  0   2  2   1  1  0  0  0  3/4    20:23   4:42   0:16 
Ryan Spooner             1  0  1   1  0   1  0  0  0  0  5/10   13:40   2:25   0:00 
Seth Griffith            0  0  0   1  0   0  0  0  0  0  0/0    11:15   0:00   0:00 
Tomas Plekanec           0  0  0   1  0   3  0  0  0  0  8/13   17:05   4:42   0:00 
Torey Krug               0  0  0   0  0   2  1  0  0  0  0/0    22:31   4:49   1:59 
Zach Parise              0  1  1   1  0   2  0  0  0  0  5/5    21:19   5:13   2:46 

Players Stats for MapleLeafs

Player Name              G  A  P  +/- PIM S  H  SB GA TA FO     MP     PP MP  PK MP  
------------------------------------------------------------------------------------
Antoine Roussel          1  0  1  -1  0   2  0  0  0  0  6/13   15:56   0:00   0:44 
Brock Nelson             0  1  1   0  0   4  0  0  0  0  9/18   18:39   1:59   4:21 
David Clarkson           0  0  0  -1  0   2  3  0  0  0  0/0    15:12   0:00   0:00 
Devante Smith-Pelly      0  0  0  -1  0   2  0  0  0  0  1/1    17:42   1:54   0:08 
Eric Gelinas             0  1  1   0  2   0  1  0  0  0  0/0    15:19   0:00   0:48 
Jay Bouwmeester          1  0  1  -2  0   2  0  1  0  0  0/0    20:42   1:29   3:20 
Jiri Sekac               0  0  0  -1  0   0  0  0  0  0  0/0     5:00   0:00   0:00 
Linden Vey               0  0  0  -1  0   0  0  0  0  0  1/1     5:00   0:00   0:00 
Marcus Johansson         0  0  0   0  0   3  0  0  0  0  2/8    18:34   1:59   3:41 
Matt Martin              0  0  0  -1  0   1  2  0  0  0  0/0    15:12   0:00   0:00 
Michael Del Zotto        0  0  0  -1  0   1  0  2  0  0  0/0    20:41   2:24   4:36 
Michael Grabner          0  0  0  -1  0   2  0  1  0  0  1/2    21:01   1:54   3:27 
Milan Lucic              0  0  0  -1  2   1  2  0  0  0  5/14   22:00   1:59   3:18 
Nick Holden              0  1  1   0  2   0  2  0  0  0  0/0    14:31   0:00   0:00 
Nick Leddy               0  1  1  -2  0   2  1  0  0  0  0/0    20:42   1:29   3:20 
Nikita Nikitin           0  0  0   0  0   0  0  0  0  0  0/0     4:19   0:00   0:14 
Riley Sheahan            0  0  0  -1  0   2  0  0  0  0  13/16  17:47   1:54   0:13 
Travis Hamonic           0  0  0  -1  2   2  3  3  0  0  0/0    23:43   2:24   3:34 

3 Stars

1 - Brandon Pirri (BOS)
2 - Dougie Hamilton (BOS)
3 - Ryan Spooner (BOS)

Power Play

Bruins - 0 on 4 Attempt(s) - 0.00%
MapleLeafs - 1 on 3 Attempt(s) - 33.33%

Penalty Kill

Bruins - 2 on 3 Attempt(s) - 66.67% - Score 0 goal in Penalty Kill
MapleLeafs - 4 on 4 Attempt(s) - 100.00% - Score 0 goal in Penalty Kill

Team Stat

Bruins - Hits : 14 - Faceoff Wins : 35 - Blocked Shots : 11 - Penalty Minutes : 6
MapleLeafs - Hits : 14 - Faceoff Wins : 38 - Blocked Shots : 7 - Penalty Minutes : 8

Official

Referees : Trevor Hanson and Brian Pochmara
Linesman : Steve Miller and Shane Heyer

Game Notes

Patrice Bergeron is injured at 5:50 of 1st period (Upper Body)
Kevin Poulin enters game at 15:47 of 2nd period

Finance

Level 1 -- Attendance: 6018 (92.58%) -- Ticket Income $637,908
Level 2 -- Attendance: 4885 (97.70%) -- Ticket Income $400,570
Level 3 -- Attendance: 2296 (65.60%) -- Ticket Income $156,128
Level 4 -- Attendance: 1773 (62.89%) -- Ticket Income $102,834
Luxury Box -- Attendance: 1000 (100.00%) -- Ticket Income $208,000
Game was played at the Air Canada Center.
Total Attendance: 15972 (84.87%)
Total Ticket Income: $1,505,440
Other Income: $225,816
Total Income: $1,731,256

% Time on Ice - Bruins

Lines # - Real PCT - Wanted PCT - Time Play
Normal Forward
1 - 26% - 40% - 12:23
2 - 30% - 30% - 14:40
3 - 21% - 20% - 9:53
4 - 23% - 10% - 11:15
Normal Defense
1 - 32% - 40% - 15:17
2 - 33% - 30% - 15:43
3 - 29% - 20% - 14:11
4 - 6% - 10% - 3:00
PP Forward
1 - 59% - 60% - 4:42
2 - 41% - 40% - 3:14
PP Defense
1 - 61% - 60% - 4:49
2 - 39% - 40% - 3:07
PK Forward
1 - 71% - 60% - 2:46
2 - 29% - 40% - 1:07
PK Defense
1 - 49% - 60% - 1:54
2 - 51% - 40% - 1:59
PK3 Forward
1 - 0% - 60%
2 - 0% - 40%
PK3 Defense
1 - 0% - 60%
2 - 0% - 40%
44 Forward
1 - 0% - 60%
2 - 0% - 40%
44 Defense
1 - 0% - 60%
2 - 0% - 40%
Last Minute Offensive  - 0:00
Last Minute Defensive  - 0:00
Total
Forward - 60:00
Defense - 60:00

% Time on Ice - MapleLeafs

Lines # - Real PCT - Wanted PCT - Time Play
Normal Forward
1 - 26% - 36% - 12:19
2 - 33% - 32% - 15:40
3 - 32% - 24% - 15:12
4 - 10% - 8% - 5:00
Normal Defense
1 - 28% - 36% - 13:41
2 - 33% - 32% - 15:53
3 - 30% - 24% - 14:32
4 - 8% - 8% - 4:05
PP Forward
1 - 51% - 55% - 1:59
2 - 49% - 45% - 1:54
PP Defense
1 - 62% - 60% - 2:24
2 - 38% - 40% - 1:29
PK Forward
1 - 57% - 50% - 4:29
2 - 43% - 50% - 3:27
PK Defense
1 - 58% - 55% - 4:36
2 - 42% - 45% - 3:20
PK3 Forward
1 - 0% - 56%
2 - 0% - 44%
PK3 Defense
1 - 0% - 60%
2 - 0% - 40%
44 Forward
1 - 0% - 55%
2 - 0% - 45%
44 Defense
1 - 0% - 60%
2 - 0% - 40%
Last Minute Offensive  - 0:00
Last Minute Defensive  - 0:00
Total
Forward - 60:00
Defense - 60:00

Play by Play

1st period


0:01 of 1st period - Tomas Plekanec wins face-off versus Brock Nelson in neutral zone.
0:24 of 1st period - Icing by Michael Del Zotto.
0:25 of 1st period - Patrice Bergeron wins face-off versus Brock Nelson in MapleLeafs zone.
0:38 of 1st period - Shot by Brad Marchand.
0:38 of 1st period - Shot Misses the Net.
0:45 of 1st period - Michael Del Zotto is hit by Drew Doughty and loses puck.
0:51 of 1st period - Shot by Brock Nelson.
0:51 of 1st period - Stopped by Carey Price without a rebound.
0:52 of 1st period - Riley Sheahan wins face-off versus Carl Soderberg in Bruins zone.
1:11 of 1st period - Shot by Jay Bouwmeester.
1:11 of 1st period - Shot Blocked by Joe Morrow.
1:25 of 1st period - Nick Leddy is hit by Patrick Sharp and loses puck.
1:50 of 1st period - Shot by David Clarkson.
1:50 of 1st period - Shot Misses the Net.
1:54 of 1st period - Shot by Antoine Roussel.
1:54 of 1st period - Shot Misses the Net.
1:58 of 1st period - Shot by David Clarkson.
1:58 of 1st period - Stopped by Carey Price without a rebound.
1:59 of 1st period - Linden Vey wins face-off versus Tomas Plekanec in Bruins zone.
3:35 of 1st period - Corey Perry is hit by Nick Holden and loses puck.
4:14 of 1st period - Shot by Michael Grabner.
4:14 of 1st period - Shot Misses the Net.
5:07 of 1st period - Icing by Travis Hamonic.
5:08 of 1st period - Marcus Johansson wins face-off versus Brendan Gallagher in MapleLeafs zone.
5:23 of 1st period - Shot by Milan Lucic.
5:23 of 1st period - Shot Misses the Net.
5:37 of 1st period - Shot by Milan Lucic.
5:37 of 1st period - Shot Misses the Net.
5:39 of 1st period - Shot by Travis Hamonic.
5:39 of 1st period - Stopped by Carey Price without a rebound.
5:40 of 1st period - Antoine Roussel wins face-off versus Patrice Bergeron in Bruins zone.
5:48 of 1st period - Icing by Torey Krug.
5:49 of 1st period - Patrice Bergeron wins face-off versus Antoine Roussel in Bruins zone.
5:49 of 1st period - Patrice Bergeron is hit by David Clarkson.
5:50 of 1st period - Patrice Bergeron from Bruins is injured at 5:50 of 1st period (Upper Body).
5:51 of 1st period - Riley Sheahan wins face-off versus Tomas Plekanec in Bruins zone.
6:08 of 1st period - Off-side.
6:09 of 1st period - Brock Nelson wins face-off versus Brendan Gallagher in neutral zone.
6:20 of 1st period - Shot by Marcus Johansson.
6:20 of 1st period - Deflect By Milan Lucic.
6:20 of 1st period - Shot Misses the Net.
6:30 of 1st period - Shot by Brock Nelson.
6:30 of 1st period - Deflect By Marcus Johansson.
6:30 of 1st period - Stopped by Carey Price with a rebound.
6:32 of 1st period - Shot by Marcus Johansson.
6:32 of 1st period - Shot Misses the Net.
6:34 of 1st period - Shot by Milan Lucic.
6:34 of 1st period - Shot Blocked by John Carlson.
6:43 of 1st period - Marcus Johansson is hit by Dougie Hamilton and loses puck.
6:46 of 1st period - Shot by Brock Nelson.
6:46 of 1st period - Stopped by Carey Price without a rebound.
6:47 of 1st period - Riley Sheahan wins face-off versus Carl Soderberg in Bruins zone.
7:06 of 1st period - Shot by Carl Soderberg.
7:06 of 1st period - Shot Misses the Net.
8:05 of 1st period - Shot by Corey Perry.
8:05 of 1st period - Shot Misses the Net.
8:39 of 1st period - Shot by Melker Karlsson.
8:39 of 1st period - Shot Blocked by Jay Bouwmeester.
10:37 of 1st period - Shot by Michael Grabner.
10:37 of 1st period - Shot Blocked by Brandon Pirri.
10:57 of 1st period - Shot by Brad Marchand.
10:57 of 1st period - Shot Misses the Net.
10:59 of 1st period - Shot by Brad Marchand.
10:59 of 1st period - Shot Misses the Net.
11:01 of 1st period - Shot by Brad Marchand.
11:01 of 1st period - Stopped by Petr Mrazek without a rebound.
11:02 of 1st period - Milan Lucic wins face-off versus Ryan Spooner in MapleLeafs zone.
11:12 of 1st period - Drew Doughty is hit by Milan Lucic and loses puck.
11:24 of 1st period - Icing by Nikita Nikitin.
11:25 of 1st period - Brendan Gallagher wins face-off versus Milan Lucic in MapleLeafs zone.
11:26 of 1st period - Shot by Corey Perry.
11:26 of 1st period - Deflect By Brad Marchand.
11:26 of 1st period - Shot Misses the Net.
11:29 of 1st period - Icing by Travis Hamonic.
11:30 of 1st period - Milan Lucic wins face-off versus Brendan Gallagher in MapleLeafs zone.
11:58 of 1st period - Jiri Sekac is hit by John Carlson and loses puck.
13:06 of 1st period - Shot by Brandon Pirri.
13:06 of 1st period - Goal by Brandon Pirri - Bruins : 1 - MapleLeafs : 0.
13:07 of 1st period - Ryan Spooner wins face-off versus Antoine Roussel in neutral zone.
13:07 of 1st period - Ryan Spooner is hit by Matt Martin.
13:31 of 1st period - Shot by David Clarkson.
13:31 of 1st period - Stopped by Carey Price without a rebound.
13:32 of 1st period - Brock Nelson wins face-off versus Carl Soderberg in Bruins zone.
14:03 of 1st period - Marcus Johansson is hit by Drew Doughty and loses puck.
14:19 of 1st period - Minor Penalty to Patrick Sharp for Hooking.
14:20 of 1st period - Riley Sheahan wins face-off versus Brad Marchand in Bruins zone.
14:35 of 1st period - Shot by Devante Smith-Pelly.
14:35 of 1st period - Shot Misses the Net.
14:37 of 1st period - Shot by Devante Smith-Pelly.
14:37 of 1st period - Shot Misses the Net.
14:39 of 1st period - Shot by Jay Bouwmeester.
14:39 of 1st period - Shot Blocked by John Carlson.
14:41 of 1st period - Shot by Michael Grabner.
14:41 of 1st period - Shot Misses the Net.
14:45 of 1st period - Shot by Nick Leddy.
14:45 of 1st period - Stopped by Carey Price without a rebound.
14:46 of 1st period - Brad Marchand wins face-off versus Brock Nelson in Bruins zone.
15:05 of 1st period - Shot by Marcus Johansson.
15:05 of 1st period - Stopped by Carey Price without a rebound.
15:06 of 1st period - Brad Marchand wins face-off versus Riley Sheahan in Bruins zone.
15:19 of 1st period - Shot by Nick Leddy.
15:19 of 1st period - Shot Misses the Net.
15:21 of 1st period - Shot by Michael Grabner.
15:21 of 1st period - Shot Blocked by Brad Marchand.
16:30 of 1st period - Icing by Melker Karlsson.
16:31 of 1st period - Ryan Spooner wins face-off versus Antoine Roussel in Bruins zone.
17:07 of 1st period - Shot by Ryan Spooner.
17:07 of 1st period - Shot Misses the Net.
17:22 of 1st period - Icing by David Warsofsky.
17:23 of 1st period - Ryan Spooner wins face-off versus Brock Nelson in Bruins zone.
17:48 of 1st period - Travis Hamonic is hit by Brendan Gallagher.
17:49 of 1st period - Off-side.
17:50 of 1st period - Riley Sheahan wins face-off versus Brendan Gallagher in neutral zone.
17:57 of 1st period - Shot by Nick Leddy.
17:57 of 1st period - Shot Misses the Net.
17:59 of 1st period - Shot by Jay Bouwmeester.
17:59 of 1st period - Stopped by Carey Price without a rebound.
18:00 of 1st period - Riley Sheahan wins face-off versus Tomas Plekanec in Bruins zone.
18:41 of 1st period - Shot by Tomas Plekanec.
18:41 of 1st period - Shot Blocked by Michael Grabner.
19:01 of 1st period - Jay Bouwmeester is hit by Brad Marchand and loses puck.
19:28 of 1st period - Shot by Brad Marchand.
19:28 of 1st period - Shot Misses the Net.
19:30 of 1st period - Shot by Brad Marchand.
19:30 of 1st period - Shot Misses the Net.
19:50 of 1st period - Travis Hamonic is hit by Corey Perry and loses puck.
19:58 of 1st period - Icing by Michael Del Zotto.
19:59 of 1st period - Brock Nelson wins face-off versus Ryan Spooner in MapleLeafs zone.
Goals for this period are 1 for Bruins vs 0 for MapleLeafs.
Shots for this period are 2 for Bruins vs 9 for MapleLeafs.

2nd period


0:01 of 2nd period - Brock Nelson wins face-off versus Tomas Plekanec in neutral zone.
0:26 of 2nd period - Shot by Zach Parise.
0:26 of 2nd period - Shot Blocked by Michael Del Zotto.
0:28 of 2nd period - Shot by Brendan Gallagher.
0:28 of 2nd period - Shot Blocked by Travis Hamonic.
1:04 of 2nd period - Shot by Brad Marchand.
1:04 of 2nd period - Stopped by Petr Mrazek with a rebound.
2:36 of 2nd period - Shot by David Clarkson.
2:36 of 2nd period - Shot Misses the Net.
2:44 of 2nd period - Shot by Matt Martin.
2:44 of 2nd period - Shot Misses the Net.
2:46 of 2nd period - Shot by Eric Gelinas.
2:46 of 2nd period - Shot Misses the Net.
3:39 of 2nd period - Shot by Tomas Plekanec.
3:39 of 2nd period - Stopped by Petr Mrazek without a rebound.
3:40 of 2nd period - Riley Sheahan wins face-off versus Carl Soderberg in MapleLeafs zone.
4:09 of 2nd period - Icing by Jay Bouwmeester.
4:10 of 2nd period - Riley Sheahan wins face-off versus Tomas Plekanec in MapleLeafs zone.
4:24 of 2nd period - Off-side.
4:25 of 2nd period - Antoine Roussel wins face-off versus Brendan Gallagher in neutral zone.
4:40 of 2nd period - Shot by Antoine Roussel.
4:40 of 2nd period - Goal by Antoine Roussel - Bruins : 1 - MapleLeafs : 1.
4:41 of 2nd period - Carl Soderberg wins face-off versus Milan Lucic in neutral zone.
5:06 of 2nd period - Icing by Carl Soderberg.
5:07 of 2nd period - Antoine Roussel wins face-off versus Carl Soderberg in Bruins zone.
6:08 of 2nd period - Shot by Tomas Plekanec.
6:08 of 2nd period - Shot Misses the Net.
6:14 of 2nd period - Shot by Zach Parise.
6:14 of 2nd period - Deflect By Brendan Gallagher.
6:14 of 2nd period - Goal by Brendan Gallagher - Bruins : 2 - MapleLeafs : 1.
6:15 of 2nd period - Brock Nelson wins face-off versus Corey Perry in neutral zone.
6:19 of 2nd period - Travis Hamonic is hit by Brad Marchand and loses puck.
6:26 of 2nd period - Shot by Brendan Gallagher.
6:26 of 2nd period - Deflect By Brad Marchand.
6:26 of 2nd period - Stopped by Petr Mrazek without a rebound.
6:27 of 2nd period - Brendan Gallagher wins face-off versus Michael Grabner in MapleLeafs zone.
6:38 of 2nd period - Shot by Corey Perry.
6:38 of 2nd period - Shot Misses the Net.
6:45 of 2nd period - Minor Penalty to Corey Perry for Roughing.
6:46 of 2nd period - Brad Marchand wins face-off versus Brock Nelson in Bruins zone.
7:01 of 2nd period - Shot by Michael Del Zotto.
7:01 of 2nd period - Stopped by Carey Price without a rebound.
7:02 of 2nd period - Riley Sheahan wins face-off versus Brad Marchand in Bruins zone.
7:34 of 2nd period - Shot by Travis Hamonic.
7:34 of 2nd period - Shot Blocked by Drew Doughty.
7:42 of 2nd period - Shot by Michael Grabner.
7:42 of 2nd period - Stopped by Carey Price without a rebound.
7:43 of 2nd period - Brock Nelson wins face-off versus Carl Soderberg in Bruins zone.
7:56 of 2nd period - Shot by Jay Bouwmeester.
7:56 of 2nd period - Shot Misses the Net.
7:58 of 2nd period - Shot by Jay Bouwmeester.
7:58 of 2nd period - Goal by Jay Bouwmeester - Bruins : 2 - MapleLeafs : 2.
7:59 of 2nd period - Ryan Spooner wins face-off versus Antoine Roussel in neutral zone.
8:29 of 2nd period - Melker Karlsson is hit by David Clarkson and loses puck.
8:33 of 2nd period - Ryan Spooner is hit by David Clarkson and loses puck.
8:52 of 2nd period - Zach Parise is hit by Eric Gelinas and loses puck.
8:57 of 2nd period - Shot by Zach Parise.
8:57 of 2nd period - Stopped by Petr Mrazek without a rebound.
8:57 of 2nd period - Minor Penalty to Eric Gelinas for Holding.
8:58 of 2nd period - Tomas Plekanec wins face-off versus Milan Lucic in MapleLeafs zone.
9:13 of 2nd period - Shot by Drew Doughty.
9:13 of 2nd period - Stopped by Petr Mrazek with a rebound.
9:34 of 2nd period - Icing by Patrick Sharp.
9:35 of 2nd period - Zach Parise wins face-off versus Milan Lucic in Bruins zone.
10:30 of 2nd period - Shot by John Carlson.
10:30 of 2nd period - Stopped by Petr Mrazek without a rebound.
10:31 of 2nd period - Patrick Sharp wins face-off versus Marcus Johansson in MapleLeafs zone.
10:51 of 2nd period - Shot by John Carlson.
10:51 of 2nd period - Shot Blocked by Travis Hamonic.
12:17 of 2nd period - Shot by Torey Krug.
12:17 of 2nd period - Stopped by Petr Mrazek without a rebound.
12:18 of 2nd period - Brock Nelson wins face-off versus Carl Soderberg in MapleLeafs zone.
12:39 of 2nd period - Minor Penalty to Milan Lucic for Roughing.
12:40 of 2nd period - Brad Marchand wins face-off versus Marcus Johansson in MapleLeafs zone.
13:13 of 2nd period - Shot by Brad Marchand.
13:13 of 2nd period - Shot Misses the Net.
14:20 of 2nd period - Shot by Brendan Gallagher.
14:20 of 2nd period - Stopped by Petr Mrazek without a rebound.
14:21 of 2nd period - Carl Soderberg wins face-off versus Marcus Johansson in MapleLeafs zone.
15:35 of 2nd period - Shot by Ryan Spooner.
15:35 of 2nd period - Shot Misses the Net.
15:37 of 2nd period - Shot by Melker Karlsson.
15:37 of 2nd period - Shot Misses the Net.
15:39 of 2nd period - Shot by Ryan Spooner.
15:39 of 2nd period - Goal by Ryan Spooner - Bruins : 3 - MapleLeafs : 2.
15:40 of 2nd period - Carl Soderberg wins face-off versus Riley Sheahan in neutral zone.
15:47 of 2nd period - Shot by Brandon Pirri.
15:47 of 2nd period - Goal by Brandon Pirri - Bruins : 4 - MapleLeafs : 2.
15:47 of 2nd period - Kevin Poulin enters game.
15:48 of 2nd period - Michael Grabner wins face-off versus Carl Soderberg in neutral zone.
15:57 of 2nd period - Shot by Riley Sheahan.
15:57 of 2nd period - Shot Blocked by Drew Doughty.
16:31 of 2nd period - Shot by Michael Grabner.
16:31 of 2nd period - Stopped by Carey Price without a rebound.
16:32 of 2nd period - Tomas Plekanec wins face-off versus Antoine Roussel in Bruins zone.
16:56 of 2nd period - Icing by Brendan Gallagher.
16:57 of 2nd period - Tomas Plekanec wins face-off versus Brock Nelson in Bruins zone.
16:57 of 2nd period - Zach Parise is hit by Milan Lucic and loses puck.
17:02 of 2nd period - Shot by Brock Nelson.
17:02 of 2nd period - Shot Misses the Net.
17:22 of 2nd period - Shot by Brock Nelson.
17:22 of 2nd period - Shot Misses the Net.
17:47 of 2nd period - Icing by Torey Krug.
17:48 of 2nd period - Riley Sheahan wins face-off versus Patrick Sharp in Bruins zone.
19:22 of 2nd period - Icing by Nick Leddy.
19:23 of 2nd period - Tomas Plekanec wins face-off versus Antoine Roussel in MapleLeafs zone.
19:23 of 2nd period - Dougie Hamilton is hit by Nick Leddy and loses puck.
19:40 of 2nd period - Shot by Zach Parise.
19:40 of 2nd period - Deflect By Tomas Plekanec.
19:40 of 2nd period - Stopped by Kevin Poulin without a rebound.
19:41 of 2nd period - Ryan Spooner wins face-off versus Milan Lucic in MapleLeafs zone.
19:48 of 2nd period - Shot by Melker Karlsson.
19:48 of 2nd period - Deflect By Seth Griffith.
19:48 of 2nd period - Shot Blocked by Travis Hamonic.
19:56 of 2nd period - Shot by Milan Lucic.
19:56 of 2nd period - Shot Blocked by David Warsofsky.
Goals for this period are 3 for Bruins vs 2 for MapleLeafs.
Shots for this period are 12 for Bruins vs 5 for MapleLeafs.

3rd period


0:01 of 3rd period - Tomas Plekanec wins face-off versus Brock Nelson in neutral zone.
0:39 of 3rd period - Shot by Brock Nelson.
0:39 of 3rd period - Shot Misses the Net.
0:50 of 3rd period - Icing by John Carlson.
0:51 of 3rd period - Tomas Plekanec wins face-off versus Riley Sheahan in Bruins zone.
1:05 of 3rd period - Off-side.
1:06 of 3rd period - Patrick Sharp wins face-off versus Antoine Roussel in neutral zone.
1:13 of 3rd period - Shot by Corey Perry.
1:13 of 3rd period - Stopped by Kevin Poulin without a rebound.
1:13 of 3rd period - Minor Penalty to Nick Holden for Tripping.
1:14 of 3rd period - Marcus Johansson wins face-off versus Ryan Spooner in MapleLeafs zone.
1:35 of 3rd period - Shot by Patrick Sharp.
1:35 of 3rd period - Stopped by Kevin Poulin without a rebound.
1:36 of 3rd period - Milan Lucic wins face-off versus Brad Marchand in MapleLeafs zone.
1:59 of 3rd period - Shot by Brock Nelson.
1:59 of 3rd period - Stopped by Carey Price without a rebound.
2:00 of 3rd period - Zach Parise wins face-off versus Marcus Johansson in Bruins zone.
2:05 of 3rd period - Shot by Zach Parise.
2:05 of 3rd period - Shot Misses the Net.
2:07 of 3rd period - Shot by Torey Krug.
2:07 of 3rd period - Stopped by Kevin Poulin without a rebound.
2:08 of 3rd period - Zach Parise wins face-off versus Marcus Johansson in MapleLeafs zone.
2:24 of 3rd period - Shot by Tomas Plekanec.
2:24 of 3rd period - Stopped by Kevin Poulin without a rebound.
2:25 of 3rd period - Zach Parise wins face-off versus Milan Lucic in MapleLeafs zone.
2:37 of 3rd period - Off-side.
2:38 of 3rd period - Milan Lucic wins face-off versus Brendan Gallagher in neutral zone.
3:03 of 3rd period - Shot by Brendan Gallagher.
3:03 of 3rd period - Stopped by Kevin Poulin with a rebound.
3:21 of 3rd period - Shot by Brandon Pirri.
3:21 of 3rd period - Stopped by Kevin Poulin with a rebound.
3:31 of 3rd period - Shot by Riley Sheahan.
3:31 of 3rd period - Shot Blocked by John Carlson.
3:37 of 3rd period - Shot by Riley Sheahan.
3:37 of 3rd period - Stopped by Carey Price without a rebound.
3:38 of 3rd period - Antoine Roussel wins face-off versus Ryan Spooner in Bruins zone.
3:41 of 3rd period - Shot by Matt Martin.
3:41 of 3rd period - Stopped by Carey Price with a rebound.
4:17 of 3rd period - Shot by Ryan Spooner.
4:17 of 3rd period - Shot Misses the Net.
4:54 of 3rd period - Shot by Brendan Gallagher.
4:54 of 3rd period - Stopped by Kevin Poulin without a rebound.
4:54 of 3rd period - Minor Penalty to Travis Hamonic for Hooking.
4:55 of 3rd period - Zach Parise wins face-off versus Marcus Johansson in MapleLeafs zone.
4:58 of 3rd period - Shot by Zach Parise.
4:58 of 3rd period - Stopped by Kevin Poulin with a rebound.
5:20 of 3rd period - Shot by Drew Doughty.
5:20 of 3rd period - Deflect By Tomas Plekanec.
5:20 of 3rd period - Shot Misses the Net.
5:56 of 3rd period - Off-side.
5:57 of 3rd period - Brad Marchand wins face-off versus Milan Lucic in neutral zone.
6:08 of 3rd period - Shot by Brendan Gallagher.
6:08 of 3rd period - Stopped by Kevin Poulin with a rebound.
6:10 of 3rd period - Shot by Dougie Hamilton.
6:10 of 3rd period - Shot Blocked by Michael Del Zotto.
6:18 of 3rd period - Shot by Zach Parise.
6:18 of 3rd period - Shot Misses the Net.
7:25 of 3rd period - Shot by Antoine Roussel.
7:25 of 3rd period - Stopped by Carey Price without a rebound.
7:26 of 3rd period - Devante Smith-Pelly wins face-off versus Brendan Gallagher in Bruins zone.
7:42 of 3rd period - Icing by Devante Smith-Pelly.
7:43 of 3rd period - Riley Sheahan wins face-off versus Carl Soderberg in MapleLeafs zone.
7:43 of 3rd period - Riley Sheahan is hit by Carl Soderberg.
7:52 of 3rd period - Michael Grabner is hit by Torey Krug and loses puck.
8:13 of 3rd period - Shot by Devante Smith-Pelly.
8:13 of 3rd period - Shot Misses the Net.
8:15 of 3rd period - Shot by Devante Smith-Pelly.
8:15 of 3rd period - Deflect By Riley Sheahan.
8:15 of 3rd period - Stopped by Carey Price without a rebound.
8:16 of 3rd period - Brock Nelson wins face-off versus Brendan Gallagher in Bruins zone.
8:19 of 3rd period - Shot by Milan Lucic.
8:19 of 3rd period - Deflect By Brock Nelson.
8:19 of 3rd period - Shot Blocked by Dougie Hamilton.
8:21 of 3rd period - Shot by Michael Del Zotto.
8:21 of 3rd period - Shot Misses the Net.
8:23 of 3rd period - Shot by Travis Hamonic.
8:23 of 3rd period - Stopped by Carey Price with a rebound.
9:01 of 3rd period - Icing by Travis Hamonic.
9:02 of 3rd period - Brock Nelson wins face-off versus Carl Soderberg in MapleLeafs zone.
9:54 of 3rd period - Shot by Devante Smith-Pelly.
9:54 of 3rd period - Stopped by Carey Price with a rebound.
9:56 of 3rd period - Shot by Nick Leddy.
9:56 of 3rd period - Stopped by Carey Price with a rebound.
10:21 of 3rd period - Tomas Plekanec is hit by Nick Holden and loses puck.
10:59 of 3rd period - Icing by Antoine Roussel.
11:00 of 3rd period - Antoine Roussel wins face-off versus Carl Soderberg in MapleLeafs zone.
11:00 of 3rd period - Antoine Roussel is hit by Brad Marchand.
11:24 of 3rd period - Shot by Marcus Johansson.
11:24 of 3rd period - Stopped by Carey Price with a rebound.
11:26 of 3rd period - Shot by Milan Lucic.
11:26 of 3rd period - Stopped by Carey Price with a rebound.
11:28 of 3rd period - Shot by Brock Nelson.
11:28 of 3rd period - Stopped by Carey Price without a rebound.
11:29 of 3rd period - Riley Sheahan wins face-off versus Ryan Spooner in Bruins zone.
14:08 of 3rd period - Brad Marchand is hit by Matt Martin and loses puck.
14:36 of 3rd period - Icing by Corey Perry.
14:37 of 3rd period - Patrick Sharp wins face-off versus Milan Lucic in Bruins zone.
14:56 of 3rd period - Milan Lucic is hit by Melker Karlsson and loses puck.
15:17 of 3rd period - Ryan Spooner is hit by Travis Hamonic and loses puck.
15:23 of 3rd period - Icing by Travis Hamonic.
15:24 of 3rd period - Milan Lucic wins face-off versus Carl Soderberg in MapleLeafs zone.
15:56 of 3rd period - Icing by Drew Doughty.
15:57 of 3rd period - Antoine Roussel wins face-off versus Carl Soderberg in Bruins zone.
15:57 of 3rd period - Eric Gelinas is hit by Drew Doughty.
16:39 of 3rd period - Shot by Matt Martin.
16:39 of 3rd period - Shot Blocked by Joe Morrow.
16:51 of 3rd period - Shot by Devante Smith-Pelly.
16:51 of 3rd period - Stopped by Carey Price without a rebound.
16:52 of 3rd period - Riley Sheahan wins face-off versus Carl Soderberg in Bruins zone.
16:56 of 3rd period - Icing by Drew Doughty.
16:57 of 3rd period - Carl Soderberg wins face-off versus Brock Nelson in Bruins zone.
17:06 of 3rd period - Shot by Corey Perry.
17:06 of 3rd period - Stopped by Kevin Poulin with a rebound.
17:15 of 3rd period - Icing by Marcus Johansson.
17:16 of 3rd period - Tomas Plekanec wins face-off versus Milan Lucic in MapleLeafs zone.
17:16 of 3rd period - John Carlson is hit by Travis Hamonic.
17:32 of 3rd period - Brendan Gallagher is hit by Travis Hamonic and loses puck.
19:18 of 3rd period - Minor Penalty to Joe Morrow for Hooking.
19:19 of 3rd period - Brad Marchand wins face-off versus Brock Nelson in Bruins zone.
Goals for this period are 0 for Bruins vs 0 for MapleLeafs.
Shots for this period are 10 for Bruins vs 12 for MapleLeafs.